 Dungeon Crawl Stone Soup version 0.17.0-7-gfadd4cc (webtiles) character file.

87 septik the Chiller (level 4, -11/36 HPs)
             Began as a Naga Ice Elementalist on Nov 8, 2015.
             Was an Initiate of Sif Muna.
             Mangled by a gnoll
             ... wielding a +0 halberd
              (17 damage)
             ... on level 3 of the Dungeon.
             The game lasted 00:13:18 (2637 turns).

septik the Chiller (Naga Ice Elementalist)          Turns: 2637, Time: 00:13:19

Health: -11/36     AC:  4    Str: 10    XL:     4   Next: 51%
Magic:  2/7        EV: 10    Int: 17    God:    Sif Muna [......]
Gold:   105        SH:  0    Dex: 11    Spells: 3 memorised, 1 level left

rFire  + . .     SeeInvis +     q - +0 hunting sling
rCold  + . .     Clarity  .     r - +1 robe {rC+ rF+}
rNeg   . . .     SustAt   .     (no shield)
rPois  +         Gourm    .     (no helmet)
rElec  .         Spirit   .     v - +0 cloak
rCorr  .         Warding  .     (no gloves)
rMut   .         Stasis   .     (no barding)
MR     .....                    (no amulet)
Stlth  +.........               (no ring)
                                (no ring)

@: confused, very slow, not resistant to hostile enchantments, very unstealthy
A: see invisible, deformed body, poison resistance, slowness 2, slow metabolism
1, spit poison 2, AC +1
a: Spit Poison, Renounce Religion


You were on level 3 of the Dungeon.
You worshipped Sif Muna.
Sif Muna was noncommittal.
You were hungry.

You visited 1 branch of the dungeon, and saw 3 of its levels.

You collected 105 gold pieces.

Inventory:

Hand Weapons
 h - a +0 short sword
 i - a +2 dagger of venom
 q - a +0 hunting sling (weapon)
Missiles
 e - 63 stones (quivered)
Armour
 a - a +0 robe
 o - a +0 shield
 r - a +1 robe of resistance (worn)
 v - a +0 cloak (worn)
Scrolls
 d - 2 scrolls of teleportation {unknown}
 j - 2 scrolls of immolation {unknown}
 m - a scroll of remove curse {unknown}
 n - a scroll of blinking {unknown}
 p - a scroll of identify {unknown}
 s - 2 scrolls of recharging {unknown}
 t - a scroll of noise {unknown}
Potions
 g - a potion of agility
 k - 3 potions of brilliance {unknown}
 l - a potion of poison {unknown}
 u - 2 potions of haste {unknown}
 w - a potion of heal wounds {unknown}
Books
 b - a book of Frost

   Spells                             Type                      Level
   a - Freeze                         Ice                          1
   b - Throw Frost                    Conjuration/Ice              2
   c - Ozocubu's Armour               Charms/Ice                   3
   d - Throw Icicle                   Conjuration/Ice              4
   e - Summon Ice Beast               Ice/Summoning                4
   f - Condensation Shield            Ice                          4
Comestibles
 c - 2 bread rations
 f - 2 beef jerkies
 x - 3 chunks of flesh


   Skills:
 - Level 1.5 Dodging
 - Level 3.0 Stealth
 * Level 2.2 Spellcasting
 - Level 1.0 Conjurations
 + Level 5.0 Ice Magic


You had one spell level left.
You knew the following spells:

 Your Spells              Type           Power        Failure   Level  Hunger
a - Freeze                Ice            ###.         2%          1    #......
b - Throw Frost           Conj/Ice       ##....       10%         2    ###....
c - Ozocubu's Armour      Chrm/Ice       ##......     21%         3    ###....


Dungeon Overview and Level Annotations

Branches:
Dungeon (3/15)

Altars:
Sif Muna


Innate Abilities, Weirdness & Mutations

You cannot wear boots.
Your serpentine skin is tough (AC +1).
You have supernaturally acute eyesight.
Armour fits poorly on your strangely shaped body.
Your system is resistant to poisons.
You cover ground very slowly.
You have a slow metabolism.
You can spit poison.


Message History

You bump into the rock wall.
The gnoll hits you with a halberd. The gnoll hits you but does no damage.
You bump into the rock wall.
The gnoll hits you with a halberd!
* * * LOW HITPOINT WARNING * * *
The gnoll closely misses you.
You're too confused to move!
The gnoll misses you.
The gnoll zaps a wand.
You resist with some effort.
You're too confused!
You're too confused to cast spells.
You're too confused!
Unknown command.
You're too confused to cast spells.
You're too confused!
You're too confused!
The gnoll zaps a wand.
You resist with some effort. The gnoll completely misses you.
The gnoll zaps a wand.
Nothing appears to happen.
You bump into the rock wall.
The gnoll hits you from afar with a halberd!
You die...

#.###....###(........####........
#.##.......'.......(.'.(.........
#.###....###......(..####...#.###
#........# ##.......## ##..#.###
########.# ##.....## ##...... #.#
##.g.## ###.### #.# ####g## #)#
#.####..).# #.# #........@#
########.# ######....##
##..[.....# ##....###.#.#######
#.....#[###.## #..((..## ##.#
###.###.###.## ### ##.#.## ##.##
###


You could see 2 gnolls.

Vanquished Creatures
  2 gnolls (D:3)
  An adder (D:3)
  A worm (D:2)
  A giant gecko (D:2)
  An orc (D:2)
  5 bats
  7 goblins (D:1)
  6 hobgoblins
  7 giant cockroaches
  6 giant newts
  11 kobolds
  9 rats
57 creatures vanquished.

Notes
Turn   | Place    | Note
--------------------------------------------------------------
     0 | D:1      | septik the Naga Ice Elementalist began the quest for the Orb.
     0 | D:1      | Reached XP level 1. HP: 15/15 MP: 3/3
   230 | D:1      | Reached XP level 2. HP: 17/22 MP: 5/5
   962 | D:1      | Reached skill level 4 in Ice Magic
  1099 | D:1      | Reached XP level 3. HP: 28/28 MP: 6/6
  1247 | D:2      | Learned a level 2 spell: Throw Frost
  1251 | D:2      | Learned a level 3 spell: Ozocubu's Armour
  1600 | D:2      | Found a deep blue altar of Sif Muna.
  1603 | D:2      | Became a worshipper of Sif Muna the Loreminder
  2428 | D:3      | Reached XP level 4. HP: 23/36 MP: 3/7
  2479 | D:3      | Reached skill level 5 in Ice Magic
  2637 | D:3      | Mangled by a gnoll

Action                   |  1- 3 |  4- 6 || total
-------------------------+-------+-------++-------
Melee: Unarmed           |     8 |       ||     8
       Short sword       |    65 |       ||    65
       Hunting sling     |       |     1 ||     1
 Fire: Hunting sling     |    59 |    17 ||    76
 Cast: Freeze            |    22 |     6 ||    28
       Throw Frost       |     3 |     1 ||     4
       Ozocubu's Armour  |     1 |     1 ||     2
 Abil: Spit Poison       |     5 |     1 ||     6
 Stab: Sleeping          |     3 |       ||     3
  Eat: Chunk             |     5 |       ||     5
